 Dungeon Crawl Stone Soup version 0.32-a0-643-ga006e7742e (webtiles) character file.

Game seed: 1653556158180406484

124 jrder the Apothecary (level 5, -7/35 HPs)
             Began as a Merfolk Alchemist on Mar 7, 2024.
             Mangled by an ogre
             ... wielding a +0 giant club
              (9 damage)
             ... on level 3 of the Dungeon.
             The game lasted 00:29:52 (2330 turns).

jrder the Apothecary (Merfolk Alchemist)            Turns: 2330, Time: 00:29:53

Health: -7/35      AC:  2    Str:  8    XL:     5   Next: 8%
Magic:  8/8        EV: 13    Int: 22    God:
Gold:   181        SH:  0    Dex: 15    Spells: 1/8 levels left

rFire   . . .        m - +0 rapier (freeze)
rCold   . . .        (no shield)
rNeg    . . .        a - +0 robe
rPois   .            (no helmet)
rElec   .            (no cloak)
rCorr   .            (no gloves)
SInv    .            (no boots)
Will    .....        (no amulet)
Stlth   ++           r - +6 ring of intelligence
HPRegen 0.25/turn    g - ring of flight
MPRegen 0.11/turn

%: no passive effects
@: flying
A: (nimble swimmer 2), mertail
a: no special abilities


You were on level 3 of the Dungeon.
You visited 1 branch of the dungeon, and saw 4 of its levels.

You collected 181 gold pieces.

Inventory:

Hand Weapons
 f - a +0 long sword
 m - a +0 rapier of freezing (weapon)
Missiles
 k - a throwing net
Armour
 a - a +0 robe (worn)
 d - a +0 leather armour
 p - a +0 robe
Jewellery
 g - a ring of flight (right hand)
 i - an amulet of faith
 r - a +6 ring of intelligence (left hand)
Talismans
 q - a beast talisman
Scrolls
 h - a scroll of noise {unknown}
 n - a scroll of immolation {unknown}
Potions
 b - a potion of magic
 c - a potion of might {unknown}
 e - a potion of mutation {unknown}
 j - a potion of cancellation {unknown}
 l - a potion of lignification {unknown}
 o - a potion of curing {unknown}
 s - a potion of attraction {unknown}


   Skills:
 + Level 0.1 Fighting
 * Level 1.8(2.0) Short Blades
 + Level 1.2(1.7) Long Blades
 + Level 0.7 Armour
 + Level 3.1 Dodging
 + Level 2.4 Stealth
 + Level 0.1 Unarmed Combat
 + Level 2.4 Spellcasting
 + Level 1.2 Conjurations
 * Level 5.3 Alchemy


You had one spell level left.
You knew the following spells:

 Your Spells              Type           Power      Damage    Failure   Level
a - Sting                 Conj/Alch      68%        1d7       3%          1
b - Mercury Vapours       Alch/Air       28%        N/A       7%          2
c - Olgreb's Toxic Radia  Alch           26%        N/A       14%         4

Your spell library contained the following spells:

 Spells                   Type           Power      Damage    Failure   Level
 Mephitic Cloud           Conj/Alch/Air  12%        N/A       16%         3
 Scorch                   Fire           4%         2d5       21%         2
 Sticky Flame             Fire/Alch      14%        2d5       41%         4
 Flame Wave               Conj/Fire      5%         2d5       71%         4
 Manifold Assault         Tloc           2%         N/A       78%         4
 Dispersal                Tloc           1%         N/A       100%        6
 Summon Cactus Giant      Summ           1%         N/A       100%        6
 Disjunction              Tloc           1%         N/A       100%        8
 Chain Lightning          Conj/Air       2%         3d3       100%        9
 Fire Storm               Conj/Fire      2%         8d1       100%        9
 Shatter                  Erth           1%         3d5*      100%        9


Dungeon Overview and Level Annotations

Branches:
Dungeon (4/15)
 Temple: D:4-7

Altars:
Ashenzari
The Shining One

Annotations:
D:4 1 transporter


Innate Abilities, Weirdness & Mutations

((You are very nimble when in or above water. (Stealth+, EV+, Speed+++)))
Your lower body shifts to a powerful aquatic tail in water.


Message History

You pick up a book of the Warp and begin reading...
You add the spells Manifold Assault, Dispersal and Disjunction to your library.
Done exploring.
Okay, then.
Press: ? - help, v - describe, . - travel The floor.
You can't go down here!
Press: ? - help, . - travel You can't see that place. [the floor.]
You reach down and open the door.
There is an open door here.
There is a stone staircase leading down here.
You fly downwards.
You hear the hiss of flowing sand.
There is an entrance to an ossuary on this level.
Hurry and find it before the portal is buried!
Found a stone staircase leading up.
Found a transporter.
There is a stone staircase leading up here.
Press: ? - help, v - describe, . - travel
Here: an ogre, wielding a +0 giant club The floor.
An ogre is nearby!
You fly upwards.
There is a stone staircase leading down here.
Unknown command.
You can't go up here!
There is a stone staircase leading down here.
You fly downwards.
You hear the hiss of flowing sand.
There is an entrance to an ossuary on this level.
Hurry and find it before the portal is buried!
Level annotation: 1 transporter The ogre closely misses you.
There is a stone staircase leading up here.
The ogre hits you with a +0 giant club!!
Ouch! That really hurt!
* * * LOW HITPOINT WARNING * * *
You fly upwards.
There is a stone staircase leading down here.
The ogre attacks as it pursues you! The ogre hits you with a +0 giant club!
You die...

##.## ##..# #[......#
#.## ##.#### #.......#
#..#########..###.......#
###..≈≈≈≈≈..#.#.........#
#.≈.....≈.#.#....)....#
#.≈.≈≈≈.≈.#...........#
#.≈≈...≈≈.#......###+##
#.≈≈._.≈≈.#......###.#
#.≈≈...≈≈.###@O......#
#.≈.≈≈≈.≈.# ##..####.#
#.≈.....≈.# #>## #.#
##..≈≈≈≈≈..## #.# #.#
#.#########.# #.# #.#
###........#..# #.# #.#
...#.........## #.# #.#
...#.......### #.#####.#
...#.......######.#.....#


You could see an ogre.

Vanquished Creatures
  8 adders
  A dart slug (D:1)
  A ribbon worm (D:2)
  6 endoplasms
  3 giant cockroaches
  5 goblins
  3 hobgoblins
  A quokka (D:1)
  4 ball pythons
  7 bats
  6 frilled lizards
  3 kobolds
  2 rats
50 creatures vanquished.

Notes
Turn   | Place    | Note
-------+----------+-------------------------------------------
     0 | D:1      | jrder the Merfolk Alchemist began the quest for the Orb.
     0 | D:1      | Reached XP level 1. HP: 13/13 MP: 3/3
   237 | D:1      | Reached XP level 2. HP: 19/19 MP: 1/5
   337 | D:1      | Learned a level 2 spell: Mercury Vapours
   603 | D:2      | Reached XP level 3. HP: 18/24 MP: 3/6
   695 | D:2      | Found a broken altar of Ashenzari.
   899 | D:2      | Reached skill level 1 in Long Blades
  1096 | D:2      | Reached skill level 1 in Conjurations
  1187 | D:2      | Reached XP level 4. HP: 30/30 MP: 5/7
  1534 | D:3      | Reached skill level 5 in Alchemy
  1587 | D:3      | Learned a level 4 spell: Olgreb's Toxic Radiance
  1595 | D:3      | Found a glowing golden altar of the Shining One.
  1688 | D:3      | Reached skill level 1 in Short Blades
  1780 | D:3      | Reached XP level 5. HP: 35/35 MP: 6/8
  2301 | D:4      | Noticed an ogre
  2301 | D:4      | Found a transporter.
  2327 | D:4      | HP: 1/35 [ogre/+0 giant club (34)]
  2330 | D:3      | Mangled by an ogre

Illustrated notes

Levels and vault maps discovered:
D:1:      minmay_arrival_four_houses, layout_rooms,
          chequers_serial_rivers_small_b
D:2:      layout_loops_cross, basic_altar
D:3:      layout_basic, mainiacjoe_overflow_paths, nicolae_half_adder
D:4:      layout_gridville, general_overflow_altar, nicolae_ossuary_entry_ruins,
          gammafunk_ghost_abyssal_escape

Skill      XL: |  1  2  3  4 |
---------------+-------------+-----
Dodging        | 3 |  3.1
Long Blades    | 1 |  1.2
Conjurations   | 1 |  1.2
Alchemy        | 5 |  5.3
Short Blades   | 1 |  1.8
Fighting       | |  0.1
Armour         | |  0.7
Stealth        | |  2.4
Unarmed Combat | |  0.1
Spellcasting   | |  2.4

Action                     |  1- 3 |  4- 6 || total
---------------------------+-------+-------++-------
  Melee: Long sword        |    30 |       ||    30
         Unarmed           |     3 |       ||     3
         Rapier            |    10 |    22 ||    32
   Cast: Sting             |    31 |    24 ||    55
         Mercury Vapours   |     1 |       ||     1
 Armour: Leather armour    |    33 |       ||    33
         Robe              |     3 |    27 ||    30
  Dodge: Dodged            |    38 |    30 ||    68

Table legend: (Time is in decaauts)
 A = Elapsed time spent in this place.
 B = Non-inter-level travel time spent in this place.
 C = Inter-level travel time spent in this place.
 D = Time resting spent in this place.
 E = Time spent auto-exploring this place.
 F = Levels seen in this place.
 G = Mean time per level.
                   A        B        C        D        E       F      G
               +--------+--------+--------+--------+--------+-----+--------+
         Total |   2345 |   2318 |     27 |    191 |   1308 |   4 |  586.2 |
       Dungeon |   2345 |   2318 |     27 |    191 |   1308 |   4 |  586.2 |
               +--------+--------+--------+--------+--------+-----+--------+

Top non-repeatable levels by time:
     D:2: 979 daAuts
     D:3: 803 daAuts
     D:1: 558 daAuts
     D:4: 4 daAuts
